cohdb
Replays
Latest Replays
All Replays
Popular Replays
Top Player Replays
Match Explorer
How It Works
Community
CoH3 Stats
Reddit
Sign in to upload your games and track your stats! →
Sign in with Steam
Match 45678014
Unlisted
Match 45678014
Overview
Messages
Build Orders
End
Construct Infanterie Kompanie
Kettenkrad Recon Vehicle
MG 42 Machine Gun Team
Grenadier Squad
MG 42 Machine Gun Team
Grenadier Squad
Infanterie Officer Quarters
Construct Panzergrenadier Kompanie
Pak 40 Anti-tank Gun Team
Medical Station
Selects Mechanized Battlegroup
Selects Raid Package
Construct Panzer Kompanie
Selects Spotting Scopes
Stoßtruppen Squad
Selects Wespe Self-propelled Artillery
Templariusz
Bogdan Boner: Egzorcysta
Seocheon
CalmDownJustAGame
0
0
Comments
sign in to comment!
No comments posted yet!